 Dungeon Crawl Stone Soup version 0.28.0-47-ge53b351184 (webtiles) character file.

Game seed: 5955682130210606184

37 Kraken2834 the Skirmisher (level 3, 0/23 HPs)
             Began as a Gargoyle Fighter on Apr 27, 2022.
             Slain by an adder (4 damage)
             ... on level 2 of the Dungeon.
             The game lasted 00:01:43 (940 turns).

Kraken2834 the Skirmisher (Gargoyle Fighter)         Turns: 940, Time: 00:01:44

Health: 0/23       AC: 10    Str: 21    XL:     3   Next: 41%
Magic:  3/3        EV:  9    Int:  8    God:
Gold:   38         SH:  4    Dex:  9    Spells: 2/2 levels left

rFire   . . .      SeeInvis .   a - +0 flail
rCold   . . .      Faith    .   c - +0 buckler
rNeg    + + .      Spirit   .   b - +0 scale mail
rPois   ∞          Reflect  .   (no helmet)
rElec   +          Harm     .   (no cloak)
rCorr   .          Rampage  .   (no gloves)
Will    +....                   (no boots)
Stlth   ..........              e - amulet of the acrobat
HPRegen 0.07/turn               g - ring of willpower
MPRegen 0.08/turn               i - ring of positive energy

@: mighty
A: sickness immunity, AC +3, negative energy resistance 1, electricity
resistance, torment resistance 1, petrification resistance
a: no special abilities


You were on level 2 of the Dungeon.
You visited 1 branch of the dungeon, and saw 2 of its levels.

You collected 38 gold pieces.

Inventory:

Hand Weapons
 a - a +0 flail (weapon)
Armour
 b - a +0 scale mail (worn)
 c - a +0 buckler (worn)
Jewellery
 e - an amulet of the acrobat (around neck)
 g - a ring of willpower (left hand)
 i - a ring of positive energy (right hand)
Scrolls
 f - a scroll of identify {unknown}
Potions
 h - a potion of cancellation {unknown}
 j - a potion of berserk rage {unknown}


   Skills:
 + Level 3.6 Fighting
 + Level 2.4 Maces & Flails
 + Level 3.6 Armour
 + Level 1.3 Stealth
 + Level 3.6 Shields


You had 2 spell levels left.
You didn't know any spells.
Your spell library was empty.

Dungeon Overview and Level Annotations

Branches:
Dungeon (2/15)

Altars:


Innate Abilities, Weirdness & Mutations

You are immune to sickness and miasma.
Your stone body is resilient. (AC +3)
You are immune to poison.
You resist negative energy. (rN+)
You are resistant to electric shocks. (rElec)
You are resistant to unholy torment.
You are immune to petrification.


Message History

You sock the kobold!
You kill the kobold!
You block the bat's attack.
You hit the rat.
You kill the rat!
The bat hits you but does no damage. The kobold hits you with a +0 club.
You closely miss the adder. The bat hits you but does no damage.
You block the bat's attack. The adder barely misses you.
The kobold hits you but does no damage.
You hit the adder but do no damage. The bat hits you but does no damage. x2
The adder bites you. The kobold hits you but does no damage.
The adder bites you. You block the bat's attack.
You are too injured to fight recklessly!
The bat misses you. The bat hits you. The bat closely misses you.
The kobold throws a stone.
The stone closely misses you. The bat misses you.
You are too injured to fight recklessly!
The bat completely misses you.
You barely miss the adder. The bat hits you but does no damage.
The adder bites you but does no damage.
You hit the adder.
The adder is heavily wounded.
The bat closely misses you. The adder bites you.
* * * LOW HITPOINT WARNING * * *
The bat closely misses you. The adder bites you but does no damage.
The kobold hits you but does no damage. The bat completely misses you.
You miss the bat. The bat barely misses you. The bat closely misses you.
The adder bites you but does no damage. The kobold completely misses you.
The adder bites you but does no damage. The bat misses you.
The kobold throws a stone.
The stone completely misses you. The adder completely misses you.
You completely miss the adder.
The adder is heavily wounded.
The adder bites you.
* * * LOW HITPOINT WARNING * * *
You feel very mighty all of a sudden. The adder bites you.
You die...

#.#.###...).....#
#####.....#.......#
#......>..#....#### ..#
###.#####.###.#### ##..#
.. ####.........# #...###
#...#... .......#####.#
#.....## #...#...
####....#
#.###bK....###..... ####.#
#...#S###..##....# #.#
#####@###...#....# #.#
#..##...#....####. #.#
#.)............... #.#
###########)###### #.# #.#
#..# #.# #####.# #.##
#.#######.....## ##.####.#
#.........###..###.......#
########### ###...########


You could see an adder, a bat and a kobold.

Vanquished Creatures
  2 dart slugs
  4 ball pythons
  2 endoplasms (D:1)
  2 goblins (D:1)
  A hobgoblin (D:1)
  4 jackals (D:1)
  3 quokkas
  3 bats
  3 frilled lizards (D:1)
  5 kobolds
  2 rats
31 creatures vanquished.

Notes
Turn   | Place    | Note
-------+----------+-------------------------------------------
     0 | D:1      | Kraken2834 the Gargoyle Fighter began the quest for the
                  | Orb.
     0 | D:1      | Reached XP level 1. HP: 14/14 MP: 1/1
   309 | D:1      | Reached XP level 2. HP: 19/19 MP: 2/2
   456 | D:1      | Reached skill level 1 in Stealth
   579 | D:1      | Found a faded altar of an unknown god.
   591 | D:1      | Reached XP level 3. HP: 19/23 MP: 3/3
   711 | D:1      | You fall into a shaft and drop 1 floor!
   940 | D:2      | Slain by an adder

Illustrated notes

Levels and vault maps discovered:
D:1:      dpeg_arrival_tiny_a, layout_rooms, chequers_ecumenical_altar_simple,
          minmay_misc_feat_square
D:2:      minmay_recursive_quarters, layout_loops_ring

Skill      XL: |  1  2 |
---------------+-------+-----
Stealth        | 1 |  1.3
Fighting       | |  3.6
Maces & Flails | |  2.4
Armour         | |  3.6
Shields        | |  3.6

Action                   || total
-------------------------++-------
Melee: Flail             ||   106
  Use: Potion            ||     1
Armor: Scale mail        ||    78
Dodge: Dodged            ||    84
Block: Buckler           ||    34
